 Dungeon Crawl Stone Soup version 0.32-a0-13-gbaedc5810e (webtiles) character file.

Game seed: 14062655066091862731

815 Colgate the Caller (level 7, 51/51 HPs)
             Began as a Gnoll Summoner on Jan 15, 2024.
             Quit the game on level 5 of the Dungeon.
             The game lasted 00:20:47 (5059 turns).

Colgate the Caller (Gnoll Summoner)                 Turns: 5059, Time: 00:20:48

Health: 51/51      AC:  4    Str:  7    XL:     7   Next: 94%
Magic:  15/15      EV: 14    Int: 16    God:
Gold:   119        SH:  0    Dex: 13    Spells: 11/17 levels left

rFire   . . .        b - +2 dagger (venom)
rCold   . . .        (no shield)
rNeg    . . .        u - +0 robe
rPois   .            (no helmet)
rElec   .            x - +0 cloak
rCorr   .            w - +0 pair of gloves
SInv    .            (no boots)
Will    .....        (no amulet)
Stlth   +++          (no ring)
HPRegen 0.28/turn    (no ring)
MPRegen 0.14/turn

%: no passive effects
@: no status effects
A: fangs 1, strong nose, distributed training
a: no special abilities


You were on level 5 of the Dungeon.
You visited 1 branch of the dungeon, and saw 5 of its levels.

You collected 171 gold pieces.
You spent 52 gold pieces at shops.

Inventory:

Hand Weapons
 a - a +2 spear
 b - a +2 dagger of venom (weapon)
 c - a +0 mace
 z - a +3 quarterstaff of chaos
Armour
 s - the +8 ring mail of Rotation {Harm rN+}
   (You found it on level 3 of the Dungeon)

   rN+:       It protects you from negative energy.
   Harm:      It increases damage dealt and taken.
 u - a +0 robe (worn)
 w - a +0 pair of gloves (worn)
 x - a +0 cloak (worn)
Wands
 h - a wand of mindburst (16)
 r - a wand of iceblast (9) {@v2}
 y - a wand of flame (24)
Scrolls
 k - a scroll of amnesia {unknown}
 l - a scroll of poison {unknown}
 m - 2 scrolls of identify {unknown}
 o - a scroll of teleportation {unknown}
 p - a scroll of blinking {unknown}
 q - a scroll of vulnerability {unknown}
 t - a scroll of revelation {unknown}
 A - a scroll of noise
Potions
 d - 5 potions of heal wounds {unknown}
 e - a potion of magic
 f - a potion of mutation {unknown}
 g - 2 potions of invisibility {unknown}
 i - 2 potions of curing {@q1}
 j - a potion of haste {unknown}
 n - a potion of might {unknown}
 v - a potion of enlightenment {unknown}


   Skills:
 + Level 2.9 Fighting
 + Level 2.9 Short Blades
 + Level 2.9 Long Blades
 + Level 2.9 Axes
 + Level 2.9 Maces & Flails
 + Level 2.9 Polearms
 + Level 2.9 Staves
 + Level 2.9 Ranged Weapons
 + Level 2.9 Throwing
 + Level 2.9 Armour
 + Level 5.4 Dodging
 + Level 5.1 Stealth
 + Level 2.9 Shields
 + Level 2.9 Unarmed Combat
 + Level 5.8 Spellcasting
 + Level 2.3 Conjurations
 + Level 2.3 Hexes
 + Level 7.5 Summonings
 + Level 2.3 Necromancy
 + Level 2.3 Translocations
 + Level 2.3 Fire Magic
 + Level 2.3 Ice Magic
 + Level 2.3 Air Magic
 + Level 2.3 Earth Magic
 + Level 2.3 Alchemy
 + Level 3.2 Invocations
 + Level 2.9 Evocations
 + Level 2.6 Shapeshifting


You had 11 spell levels left.
You knew the following spells:

 Your Spells              Type           Power      Damage    Failure   Level
a - Summon Small Mammal   Summ           100%       N/A       1%          1
b - Call Imp              Summ           56%        N/A       1%          2
c - Call Canine Familiar  Summ           28%        N/A       1%          3

Your spell library contained the following spells:

 Spells                   Type           Power      Damage    Failure   Level
 Summon Blazeheart Golem  Fire/Summ      20%        N/A       19%         4
 Summon Lightning Spire   Summ/Air       20%        N/A       19%         4


Dungeon Overview and Level Annotations

Branches:
Dungeon (5/15)
 Temple: D:4-7

Altars:
Elyvilon
Okawaru

Shops:
D:2 *


Innate Abilities, Weirdness & Mutations

You have very sharp teeth.
Your uncanny sense of smell can sniff out nearby items.
Your experience applies equally to all skills.


Message History

Your quokka misses the hound. The hound attacks as it pursues you!
The hound barely misses you. The hound closely misses you.
Casting: Summon Small Mammal (safe; 1% risk of failure)
Your quokka disappears in a puff of smoke!
The hound misses you.
Casting: Summon Small Mammal (safe; 1% risk of failure)
Your quokka disappears in a puff of smoke!
The hound barely misses you. x2
Your bat misses the hound.
Your bat hits the hound but does no damage.
The hound bites your bat.
Your bat dies!
Your bat's corpse disappears in a puff of smoke!
Your quokka bites the hound.
The hound closely misses your quokka. What are your orders? t - Bark!
Orders for allies: a - Attack new target. r - Retreat! s - Stop attacking. g - Guard the area. f - Follow me.
Anything else - Cancel.
Retreat in which direction?
Press: ? - help, Dir - move target, f - quokka
Aim: a quokka (summoned, friendly) Fall back!
The hound barely misses your quokka.
The hound bites your quokka but does no damage. x2
The hound barely misses your quokka. The hound bites your quokka. x2
Something bites your quokka.
Your quokka dies!
Your quokka's corpse disappears in a puff of smoke!
Char dumped successfully.
Annotate which branch? (. - D:5, ? - help, ! - show branch list)
Okay, then.
Okay, then.
Annotate which branch? (. - D:5, ? - help, ! - show branch list)
Okay, then.
Char dumped successfully.
Saving game... please wait.
Welcome back, Colgate the Gnoll Summoner.

#.# #.# #.# #.# # #.###### #.# #.
#....... #.# ##.########. #.#
........#...
####.########.##†#.#.
###...@................ .
######...#####...###....#.#. .
#..................###........ .
#.####.....####..............# .
#.#∆ ##...## ∆#....##.....####
####.# ##.## #....##.#......#
...#.## #.# #....##......#..
..##..## +#.#+ #.....######.....
..##...###...###......######.##.#


There were no monsters in sight!

Vanquished Creatures
  An ice beast (D:4)
  3 scorpions
  2 bombardier beetles
  Crazy Yiuf (D:3)
  An iguana (D:3)
  3 adders
  A ribbon worm (D:3)
  2 orcs (D:3)
  A bat (D:2)
  3 endoplasms
  2 giant cockroaches
  A goblin (D:2)
  A hobgoblin (D:2)
  A quokka (D:5)
  A ball python (D:3)
  A frilled lizard (D:1)
  A kobold (D:4)
  3 rats
29 creatures vanquished.

Vanquished Creatures (collateral kills)
  2 scorpions (D:4)
  A bombardier beetle (D:5)
  An orc priest (D:3)
  Jessica (D:3)
  7 adders
  3 gnolls (D:3)
  3 dart slugs
  4 ribbon worms
  5 orcs
  4 bats
  9 endoplasms
  A giant cockroach (D:1)
  7 goblins
  3 hobgoblins
  3 jackals (D:2)
  3 quokkas
  4 ball pythons
  4 frilled lizards
  7 kobolds
  3 rats
75 creatures vanquished.

Grand Total: 104 creatures vanquished

Notes
Turn   | Place    | Note
-------+----------+-------------------------------------------
     0 | D:1      | Colgate the Gnoll Summoner began the quest for the Orb.
     0 | D:1      | Reached XP level 1. HP: 13/13 MP: 6/6
   329 | D:1      | Reached XP level 2. HP: 19/19 MP: 7/7
   332 | D:1      | Learned a level 2 spell: Call Imp
   966 | D:1      | Reached skill level 5 in Spellcasting
   966 | D:1      | Reached XP level 3. HP: 25/25 MP: 3/9
   970 | D:1      | Learned a level 3 spell: Call Canine Familiar
  1540 | D:2      | Reached skill level 1 in Invocations
  1767 | D:2      | Found Nujiebeih's General Store.
  1771 | D:2      | Reached skill level 1 in Fighting
  1771 | D:2      | Reached skill level 1 in Short Blades
  1771 | D:2      | Reached skill level 1 in Long Blades
  1771 | D:2      | Reached skill level 1 in Axes
  1771 | D:2      | Reached skill level 1 in Maces & Flails
  1771 | D:2      | Reached skill level 1 in Polearms
  1771 | D:2      | Reached skill level 1 in Staves
  1771 | D:2      | Reached skill level 1 in Ranged Weapons
  1771 | D:2      | Reached skill level 1 in Throwing
  1771 | D:2      | Reached skill level 1 in Armour
  1771 | D:2      | Reached skill level 1 in Shields
  1771 | D:2      | Reached skill level 1 in Unarmed Combat
  1771 | D:2      | Reached skill level 1 in Evocations
  1867 | D:2      | Reached skill level 1 in Shapeshifting
  1867 | D:2      | Reached XP level 4. HP: 32/32 MP: 11/11
  2040 | D:2      | Reached skill level 1 in Conjurations
  2040 | D:2      | Reached skill level 1 in Hexes
  2040 | D:2      | Reached skill level 1 in Necromancy
  2040 | D:2      | Reached skill level 1 in Translocations
  2040 | D:2      | Reached skill level 1 in Fire Magic
  2040 | D:2      | Reached skill level 1 in Ice Magic
  2040 | D:2      | Reached skill level 1 in Air Magic
  2040 | D:2      | Reached skill level 1 in Earth Magic
  2040 | D:2      | Reached skill level 1 in Alchemy
  2147 | D:2      | Found an iron altar of Okawaru.
  2399 | D:2      | Bought a potion of curing for 39 gold pieces
  2411 | D:3      | Reached XP level 5. HP: 37/37 MP: 12/12
  2835 | D:3      | Identified the +8 ring mail of Rotation {Harm rN+}
  2988 | D:3      | Reached XP level 6. HP: 44/44 MP: 6/13
  3191 | D:3      | Reached skill level 5 in Dodging
  3434 | D:3      | Noticed Jessica
  3443 | D:3      | Killed Jessica
  3597 | D:3      | Found a runed translucent door.
  3598 | D:3      | Noticed Crazy Yiuf
  3606 | D:3      | Killed Crazy Yiuf
  3732 | D:2      | Bought a scroll of noise for 13 gold pieces
  4008 | D:4      | Noticed an ice beast
  4015 | D:4      | Reached XP level 7. HP: 51/51 MP: 6/15
  4327 | D:4      | Reached skill level 5 in Stealth
  4625 | D:4      | Found a white marble altar of Elyvilon.
  4791 | D:5      | Entered Level 5 of the Dungeon
  5059 | D:5      | Quit the game

Illustrated notes

Levels and vault maps discovered:
D:1:      minmay_arrival_four_circles, layout_basic, grunt_decor_fettered,
          minmay_misc_feat_cross
D:2:      layout_rooms, basic_altar, serial_shops,
          nicolae_shop_tiny_statue_garden, serial_curves, eino_curves_01,
          eino_curves_02, serial_park_tiny_1
D:3:      layout_rooms, roderic_lattice_a, uniq_crazy_yiuf_cottage, uniq_jessica
D:4:      layout_basic, nicolae_elyvilon_temple_path, nrook_mini_backslash,
          kennysheep_minor_cross
D:5:      cheibrodos_barr_body, layout_basic, amcnicky_altar_gilded,
          serial_shops, nicolae_stop_n_shop_1, grunt_ministairs_1

Skill      XL: |  1  2  3  4  5  6  7 |
---------------+----------------------+-----
Spellcasting   | 5 |  5.8
Invocations    | 1 2 3 |  3.2
Fighting       | 1 2 |  2.9
Short Blades   | 1 2 |  2.9
Long Blades    | 1 2 |  2.9
Axes           | 1 2 |  2.9
Maces & Flails | 1 2 |  2.9
Polearms       | 1 2 |  2.9
Staves         | 1 2 |  2.9
Ranged Weapons | 1 2 |  2.9
Throwing       | 1 2 |  2.9
Armour         | 1 2 |  2.9
Shields        | 1 2 |  2.9
Unarmed Combat | 1 2 |  2.9
Evocations     | 1 2 |  2.9
Shapeshifting  | 1 2 |  2.6
Conjurations   | 1 2 |  2.3
Hexes          | 1 2 |  2.3
Necromancy     | 1 2 |  2.3
Translocations | 1 2 |  2.3
Fire Magic     | 1 2 |  2.3
Ice Magic      | 1 2 |  2.3
Air Magic      | 1 2 |  2.3
Earth Magic    | 1 2 |  2.3
Alchemy        | 1 2 |  2.3
Dodging        | 5 |  5.4
Stealth        | 5 |  5.1
Summonings     | |  7.5

Action                     |  1- 3 |  4- 6 |  7- 9 || total
---------------------------+-------+-------+-------++-------
  Melee: Unarmed           |     6 |       |       ||     6
         Bite              |     1 |     1 |       ||     2
         Mace              |     1 |       |       ||     1
         Dagger            |     3 |    14 |    11 ||    28
         Spear             |       |    13 |    11 ||    24
   Cast: Summon Small Mamm |    39 |    43 |    19 ||   101
         Call Imp          |    15 |    18 |     8 ||    41
         Call Canine Famil |     6 |    20 |     6 ||    32
    Use: Scroll            |       |     2 |       ||     2
   Stab: Sleeping          |     4 |     9 |     8 ||    21
 Armour: Robe              |     7 |     8 |     8 ||    23
  Dodge: Dodged            |     9 |    20 |    21 ||    50

Table legend: (Time is in decaauts)
 A = Elapsed time spent in this place.
 B = Non-inter-level travel time spent in this place.
 C = Inter-level travel time spent in this place.
 D = Time resting spent in this place.
 E = Time spent auto-exploring this place.
 F = Levels seen in this place.
 G = Mean time per level.
                   A        B        C        D        E       F      G
               +--------+--------+--------+--------+--------+-----+--------+
         Total |   5046 |   4773 |    273 |     99 |   3765 |   5 | 1009.2 |
       Dungeon |   5046 |   4773 |    273 |     99 |   3765 |   5 | 1009.2 |
               +--------+--------+--------+--------+--------+-----+--------+

Top non-repeatable levels by time:
     D:1: 1490 daAuts
     D:3: 1319 daAuts
     D:4: 1010 daAuts
     D:2: 959 daAuts
     D:5: 266 daAuts
